 Dungeon Crawl Stone Soup version 0.27-a0-202-gdcb3803577 (webtiles) character file.

Game seed: 3632761692579842401

28 KristoblXynda the Slasher (level 3, 0/30 HPs)
             Began as a Draconian Gladiator on Jan 30, 2021.
             Was an Initiate of Gozag.
             Slain by a gnoll
             ... wielding a +0 spear
              (10 damage)
             ... on level 2 of the Dungeon.
             The game lasted 00:01:15 (1190 turns).

KristoblXynda the Slasher (Draconian Gladiator)     Turns: 1190, Time: 00:01:15

Health: 0/30       AC:  5    Str: 16    XL:     3   Next: 0%
Magic:  3/3        EV: 13    Int:  9    God:    Gozag
Gold:   102        SH:  0    Dex: 12    Spells: 2/2 levels left

rFire    . . .     SeeInvis .   a - +0 long sword
rCold    . . .     Faith    .   (no shield)
rNeg     . . .     Spirit   .   (armour unavailable)
rPois    .         Reflect  .   b - +0 hat
rElec    .         Harm     .   (no cloak)
rCorr    .         Rampage  .   (no gloves)
Will     .....                  (no boots)
Stlth    +.........             (no amulet)
HPRegen  0.10/turn              (no ring)
MPRegen  0.08/turn              (no ring)

@: gold aura
A: unfitting armour, cold-blooded, AC +5
a: Renounce Religion, Potion Petition, Call Merchant, Bribe Branch


You were on level 2 of the Dungeon.
You worshipped Gozag.
Gozag was aware of your devotion.
You visited 1 branch of the dungeon, and saw 2 of its levels.

You collected 144 gold pieces.
You paid 42 gold pieces to Gozag.

Inventory:

Hand Weapons
 a - a +0 long sword (weapon)
Missiles
 c - 3 throwing nets (quivered)
Armour
 b - a +0 hat (worn)
Scrolls
 d - a scroll of random uselessness {unknown}
 e - a scroll of identify {unknown}
 h - a scroll of remove curse {unknown}
Potions
 f - a potion of magic {unknown}
 g - a potion of haste {unknown}
 i - a potion of attraction {unknown}


   Skills:
 + Level 2.7 Fighting
 * Level 3.4 Long Blades
 - Level 2.0 Throwing
 + Level 3.0 Dodging


You had 2 spell levels left.
You didn't know any spells.
Your spell library was empty.

Dungeon Overview and Level Annotations

Branches:
Dungeon (2/15)

Altars:
Gozag


Innate Abilities, Weirdness & Mutations

Your plain brown scales are hard. (AC +5)
You cannot fit into any form of body armour.
You are cold-blooded and may be slowed by cold attacks.


Message History

You barely miss the gnoll. You closely miss the gnoll.
The gnoll is severely wounded.
The gnoll misses you. The gnoll hits you. The gnoll barely misses you.
You riposte.
You slash the gnoll! You tail-slap the gnoll.
The gnoll is severely wounded.
The gnoll closely misses you.
Unknown command.
You barely miss the gnoll.
You tail-slap the gnoll, but do no damage.
The gnoll is severely wounded.
The gnoll barely misses you. The gnoll completely misses you.
The gnoll barely misses you. The gnoll hits you!
Unknown command.
You hit the gnoll. You tail-slap the gnoll.
You kill the gnoll!
The gnoll closely misses you.
The gnoll hits you from afar with a +0 spear!
You die...
Your body crumbles into a pile of gold.

##### #... #.g
###g### ##..@..##
#.8..$8.#
###.......###
#....._.....####.#.
...#.......#....(...
.# #.8...8.######.#.
##.....## ###.###
#.#


You could see 2 gnolls.

Vanquished Creatures
  A gnoll (D:2)
  A dart slug (D:1)
  2 leopard geckos (D:1)
  A giant cockroach (D:1)
  5 goblins (D:1)
  3 hobgoblins (D:1)
  3 jackals (D:1)
  2 kobolds (D:1)
  A ball python (D:1)
  A bat (D:1)
  3 frilled lizards (D:1)
23 creatures vanquished.

Notes
Turn   | Place    | Note
-------+----------+-------------------------------------------
     0 | D:1      | KristoblXynda the Draconian Gladiator began the quest for
                  | the Orb.
     0 | D:1      | Reached XP level 1. HP: 17/17 MP: 1/1
   377 | D:1      | Reached XP level 2. HP: 16/25 MP: 2/2
  1004 | D:1      | Reached XP level 3. HP: 29/30 MP: 3/3
  1174 | D:2      | Found an opulent altar of Gozag.
  1180 | D:2      | Became a worshipper of Gozag Ym Sagoz the Greedy
  1190 | D:2      | Slain by a gnoll

Illustrated notes

Levels and vault maps discovered:
D:1:      minmay_arrival_cross, layout_basic
D:2:      layout_basic, grunt_gozag_statues

Skill      XL: |  1  2 |
---------------+-------+-----
Throwing       | 2 |  2.0
Dodging        | 3 |  3.0
Fighting       | |  2.7
Long Blades    | |  3.4

Action                   || total
-------------------------++-------
Melee: Long sword        ||    50
       Tailslap          ||    10
Armor: Skin              ||    11
Dodge: Dodged            ||    50
       Rpst.: Long sword ||    16

Table legend: (Time is in decaauts)
 A = Elapsed time spent in this place.
 B = Non-inter-level travel time spent in this place.
 C = Inter-level travel time spent in this place.
 D = Time resting spent in this place.
 E = Time spent auto-exploring this place.
 F = Levels seen in this place.
 G = Mean time per level.
                   A        B        C        D        E       F      G
               +--------+--------+--------+--------+--------+-----+--------+
         Total |   1201 |   1168 |     33 |    217 |    767 |   2 |  600.5 |
       Dungeon |   1201 |   1168 |     33 |    217 |    767 |   2 |  600.5 |
               +--------+--------+--------+--------+--------+-----+--------+

Top non-repeatable levels by time:
     D:1: 1184 daAuts
     D:2: 16 daAuts
